 Dungeon Crawl Stone Soup version 0.28-a0-724-g66f9036eb4 (webtiles) character file.

Game seed: 4514813922980852148

0 meatgazer the Skirmisher (level 1, 0/18 HPs)
             Began as a Demonspawn Abyssal Knight on Oct 26, 2021.
             Was a Follower of Lugonu.
             Slain by a tentacled starspawn (18 damage)
             ... on level 1 of the Abyss.
             The game lasted 00:00:39 (713 turns).

meatgazer the Skirmisher (Demonspawn Abyssal Knight) Turns: 713, Time: 00:00:40

Health: 0/18       AC:  3    Str: 13    XL:     1   Next: 0%
Magic:  2/2        EV: 11    Int: 11    God:    Lugonu [*.....]
Gold:   17         SH:  0    Dex: 13    Spells: 0/0 levels left

rFire   . . .      SeeInvis .   a - +1 spear
rCold   . . .      Faith    .   (no shield)
rNeg    . . .      Spirit   .   b - +0 leather armour
rPois   .          Reflect  .   (no helmet)
rElec   .          Harm     .   (no cloak)
rCorr   .          Rampage  .   (no gloves)
Will    .....                   (no boots)
Stlth   +.........              (no amulet)
HPRegen 0.06/turn               (no ring)
MPRegen 0.08/turn               (no ring)

@: no status effects
A: no striking features
a: Renounce Religion, Depart the Abyss


You were on level 1 of the Abyss.
You worshipped Lugonu.
Lugonu was aware of your devotion.
You visited 0 branches of the dungeon, and saw 0 of its levels.
You visited the Abyss 1 time.

You collected 17 gold pieces.

Inventory:

Hand Weapons
 a - a +1 spear (weapon)
Armour
 b - a +0 leather armour (worn)


   Skills:
 + Level 3.0 Fighting
 + Level 1.7 Polearms
 + Level 1.7 Armour
 + Level 0.8 Dodging
 + Level 2.4 Invocations


You couldn't memorise any spells.
You didn't know any spells.
Your spell library was empty.

Dungeon Overview and Level Annotations

Branches:
Dungeon (0/15)

Altars:


Message History

Found a corrupted altar of Lugonu.
HP restored.
You now have 8 gold pieces.
Found a hand axe.
You see here a +0 hand axe.
You now have 17 gold pieces (gained 9).
Found a gateway leading deeper into the Abyss.
Found 14 arrows.
You are suddenly pulled into a different region of the Abyss!
Found a dagger.
c - a scroll labelled CUOCE QU LEZOSS
As you read the scroll labelled CUOCE QU LEZOSS, it crumbles to dust.
It is a scroll of identify.
You don't have any unidentified items.
A tentacled starspawn comes into view.
A tentacled starspawn is nearby!
A small abomination comes into view.
Tentacles burst from the starspawn's body! 2 starspawn tentacles come into view.
You start waiting.
A small abomination is nearby!
A small abomination is nearby!
The small abomination barely misses you.
You barely miss the small abomination.
The small abomination barely misses you.
You hit the small abomination.
The small abomination is lightly damaged.
You hit the tentacled starspawn but do no damage.
You hit the tentacled starspawn but do no damage.
The tentacled starspawn closely misses you.
The tentacled starspawn barely misses you.
You hit the tentacled starspawn.
The tentacled starspawn is lightly damaged.
Tentacles burst from the starspawn's body! 2 starspawn tentacles come into view.
You hit the tentacled starspawn but do no damage.
The tentacled starspawn barely misses you.
The tentacled starspawn tentacle-slaps you!!
Ouch! That really hurt!
You die...

### .# #.# #.#
#@##...#
#####Xw#
#...x#w..#
#.###...#.#.#
##....#w ## .#
..##..wX# # # #
.#.. #..#..#...
.......§#...§..#
## ..#......# .#


You could see a tentacled starspawn and 2 starspawn tentacles.

Vanquished Creatures (others)
  2 starspawn tentacles (Abyss:1)
2 creatures vanquished.

Notes
Turn   | Place    | Note
-------+----------+-------------------------------------------
     0 | Abyss:1  | meatgazer the Demonspawn Abyssal Knight began the quest for
                  | the Orb.
     0 | Abyss:1  | Reached XP level 1. HP: 18/18 MP: 2/2
   408 | Abyss:1  | Found a corrupted altar of Lugonu.
   699 | Abyss:1  | Noticed a tentacled starspawn
   703 | Abyss:1  | Noticed a small abomination
   713 | Abyss:1  | Slain by a tentacled starspawn

Illustrated notes

Levels and vault maps discovered:
Abyss:1:  base: Temple, base: Temple, evilmike_abyss_exit_2

Action                   || total
-------------------------++-------
Melee: Spear             ||     9
  Use: Scroll            ||     3
Dodge: Dodged            ||     7

Table legend: (Time is in decaauts)
 A = Elapsed time spent in this place.
 B = Non-inter-level travel time spent in this place.
 C = Inter-level travel time spent in this place.
 D = Time resting spent in this place.
 E = Time spent auto-exploring this place.
 F = Levels seen in this place.
 G = Mean time per level.
                   A        B        C        D        E       F      G
               +--------+--------+--------+--------+--------+-----+--------+
         Total |    713 |    713 |      0 |    292 |    374 |   1 |  713.0 |
         Abyss |    713 |    713 |      0 |    292 |    374 |   1 |  713.0 |
               +--------+--------+--------+--------+--------+-----+--------+

Top non-repeatable levels by time:
 Abyss:1: 713 daAuts
